 Dungeon Crawl Stone Soup version 0.28-a0-563-gf77a47075d (webtiles) character file.

Game seed: 12831507373349441347

3961 Anon1729 the Photosynthesist (level 10, -9/76 HPs)
             Began as a Demonspawn Wanderer on Sept 30, 2021.
             Was an Elder of Fedhas.
             Mangled by a manticore (16 damage)
             ... on level 8 of the Dungeon.
             The game lasted 00:19:53 (13265 turns).

Anon1729 the Photosynthesist (Demonspawn Wanderer) Turns: 13265, Time: 00:19:53

Health: -9/76      AC: 24    Str: 16    XL:     10   Next: 2%
Magic:  15/17      EV: 11    Int: 13    God:    Fedhas [****..]
Gold:   495        SH:  0    Dex: 10    Spells: 9/9 levels left

rFire   . . .      SeeInvis +   a - +2 shortbow
rCold   . . .      Faith    .   (shield currently unavailable)
rNeg    + + +      Spirit   .   B - +6 scale mail "Madwihau" {rN+ rCorr Str+2 Dex-3}
rPois   .          Reflect  .   s - +2 hat {Will+}
rElec   .          Harm     .   A - scarf {shadows}
rCorr   +          Rampage  .   (no gloves)
Will    +....                   (no boots)
Stlth   +.........              v - amulet "Xorpheto" {RegenMP +Blink rN++ Stlth+}
HPRegen 0.22/turn               h - ring of see invisible
MPRegen 0.40/turn               (no ring)

@: spiked, sanguine armoured
A: foul stench 2, sanguine armour 2, horns 1, weak 1
a: Renounce Religion, Evoke Blink, Wall of Briars, Grow Ballistomycete, Overgrow


You were on level 8 of the Dungeon.
You worshipped Fedhas.
Fedhas was greatly pleased with you.
You visited 2 branches of the dungeon, and saw 9 of its levels.

You collected 495 gold pieces.

Inventory:

Hand Weapons
 a - a +2 shortbow (weapon)
 c - a +0 hand axe
 l - a +0 short sword
 w - the +6 dagger of Maat {elec, Contam rCorr Str+3}
   (You found it on level 7 of the Dungeon)

   It occasionally discharges a powerful burst of electricity upon striking a
   foe.
   Str:       It affects your strength (+3).
   Contam:    It causes magical contamination when unequipped.
   rCorr:     It protects you from acid and corrosion.
Missiles
 b - 55 arrows (quivered ammo)
Armour
 s - a +2 hat of willpower (worn)
 A - a scarf of shadows (worn)
 B - the +6 scale mail "Madwihau" (worn) {rN+ rCorr Str+2 Dex-3}
   (You found it on level 5 of the Dungeon)

   Str:       It affects your strength (+2).
   Dex:       It affects your dexterity (-3).
   rN:        It protects you from negative energy.
   rCorr:     It protects you from acid and corrosion.
Jewellery
 h - a ring of see invisible (left hand)
 o - an amulet of magic regeneration
 v - the amulet "Xorpheto" (around neck) {RegenMP +Blink rN++ Stlth+}
   (You found it on level 7 of the Dungeon)

   [amulet of magic regeneration]

   It increases your rate of magic regeneration.
   rN:        It greatly protects you from negative energy.
   +Blink:    It lets you blink.
   Stlth:     It makes you more stealthy.
Wands
 e - a wand of acid (5)
 n - a wand of polymorph (4)
 p - a wand of flame (40)
Scrolls
 f - a scroll of brand weapon {unknown}
 i - a scroll of acquirement
 k - 3 scrolls of enchant weapon
 m - 3 scrolls of magic mapping
 q - a scroll of vulnerability
 r - 2 scrolls of amnesia
 t - a scroll of fog
 u - a scroll of teleportation {unknown}
 y - a scroll of blinking
Potions
 g - a potion of flight {unknown}
 j - a potion of ambrosia {unknown}
 x - a potion of lignification
 z - 2 potions of resistance {unknown}
Miscellaneous
 d - a piece from Xom's chessboard (15/15)


   Skills:
 + Level 6.1 Fighting
 - Level 2.3 Short Blades
 + Level 5.3 Bows
 + Level 5.6 Armour
 + Level 5.6 Dodging
 * Level 9.8 Invocations
 - Level 3.2 Evocations


You had 9 spell levels left.
You didn't know any spells.
Your spell library contained the following spells:

 Spells                   Type           Power      Damage    Failure   Level
 Beastly Appendage        Tmut           0%         N/A       69%         1
 Magic Dart               Conj           0%         1d3       69%         1
 Searing Ray              Conj           0%         2d4       83%         2
 Wereblood                Tmut           0%         N/A       83%         2
 Conjure Flame            Conj/Fire      0%         6-21      96%         3
 Ignite Poison            Fire/Tmut/Pois 0%         N/A       96%         3
 Portal Projectile        Hex/Tloc       0%         N/A       96%         3
 Spider Form              Tmut/Pois      0%         N/A       96%         3
 Fulminant Prism          Conj/Hex       0%         3d6       100%        4
 Sticky Flame             Conj/Fire      0%         2d3       100%        4
 Blade Hands              Tmut           0%         N/A       100%        5
 Excruciating Wounds      Necr           0%         N/A       100%        5


Dungeon Overview and Level Annotations

Branches:
Dungeon (8/15)             Temple (1/1) D:6
   Lair: D:8-11

Altars:
Ashenzari
Cheibriados
Dithmenos
Elyvilon
Fedhas
Hepliaklqana
Kikubaaqudgha
Nemelex Xobeh
Uskayaw
Vehumet
Xom
Zin
The Shining One

Annotations:
D:7 Harold


Innate Abilities, Weirdness & Mutations

You sometimes emit foul miasma when damaged in melee.
When seriously injured, your bleeding wounds create thick armour. (AC +9)
You have a pair of small horns on your head.
You are weak. (Str -2)


Message History

The manticore flicks its tail.
The volley of spikes hits you!
The barbed spikes become lodged in your body.
Your blood congeals into armour.
You shoot an arrow.
The arrow hits the manticore but does no damage.
The manticore is moderately wounded.
The manticore flicks its tail.
The volley of spikes hits you but does no damage.
You shoot an arrow. The arrow hits the manticore.
The manticore is moderately wounded.
You shoot an arrow. The arrow hits the manticore!
The manticore is severely wounded.
An orc priest comes into view. It is wielding a +0 mace.
The manticore closely misses you. x2
The manticore claws you but does no damage.
You shoot an arrow. The arrow barely misses the manticore.
The arrow barely misses the orc warrior.
The orc priest shouts!
The orc warrior hits you from afar with a +0 trident!
The orc priest mumbles some strange prayers to Beogh against you.
Beogh smites you! The manticore closely misses you. The manticore claws you!
* * * LOW HITPOINT WARNING * * *
The manticore claws you but does no damage.
A briar patch grows up from the ground. x5
The orc warrior hits you but does no damage.
The manticore bites you but does no damage.
The manticore claws you but does no damage.
The manticore completely misses you.
The orc priest invokes the aid of Beogh against you.
Beogh smites you!
* * * LOW HITPOINT WARNING * * *
You hear a shout!
Okay, then.
Okay, then.
You fail to use your ability.
The orc warrior hits you but does no damage.
The manticore bites you!
You die...
Fedhas appreciates your contribution to the ecosystem.

.... #.# .o.. .... #.#
(... .... #.# ... ...
#######.##.. ########.
#........o# #......#.
#.......PH########........
#.......P@P..............#
#.......PP###### #<......#
#.............# #....)...
#..........##.####......##
#..........#............#
#.........รท#..####......#
#.............# #......#
#############.# #......##
#.# #####....


You could see a manticore, an orc warrior (ally target) and an orc priest.

Vanquished Creatures
  A kobold demonologist (D:6)
  Sigmund (D:6)
  3 vampire mosquitoes
  A steam dragon (D:8)
  A sky beast (D:4)
  An orc warrior (D:6)
  2 ice beasts
  A necrophage (D:5)
  2 centaurs
  An ogre (D:5)
  A bullfrog (D:8)
  4 scorpions
  A gnoll sergeant (D:5)
  2 water moccasin skeletons
  9 killer bees
  12 wights (D:8)
  A howler monkey (D:8)
  3 hounds (D:5)
  2 centaur zombies
  6 orc priests
  3 jellies
  A bullfrog skeleton (D:5)
  Jessica (D:3)
  3 iguanas
  3 orc wizards
  A howler monkey zombie (D:7)
  5 gnolls
  A howler monkey skeleton (D:5)
  4 adders
  3 shadow imps
  A white imp (D:5)
  2 ufetubi (D:4)
  2 adder skeletons (D:4)
  A worm (D:2)
  2 dart slugs
  20 orcs
  8 ball pythons
  10 bats
  7 endoplasms
  2 giant cockroaches
  5 goblins
  8 hobgoblins
  2 jackals (D:4)
  8 kobolds
  4 quokkas
  2 frilled lizards (D:1)
  5 rats
169 creatures vanquished.

Vanquished Creatures (others)
  A sky beast (D:6)
  A plant (D:1)
2 creatures vanquished.

Grand Total: 171 creatures vanquished

Notes
Turn   | Place    | Note
-------+----------+-------------------------------------------
     0 | D:1      | Anon1729 the Demonspawn Wanderer began the quest for the
                  | Orb.
     0 | D:1      | Anon1729 set off with the following items: a +2 shortbow,
                  | 29 arrows, a +0 hand axe, a piece from Xom's chessboard
                  | (15/15), a +0 robe
     0 | D:1      | Reached XP level 1. HP: 16/16 MP: 1/1
   150 | D:1      | You fall into a shaft and drop 1 floor!
   249 | D:2      | Gained mutation: When seriously injured, your bleeding
                  | wounds create armour. (AC +9) [demonic ancestry]
   249 | D:2      | Reached XP level 2. HP: 21/22 MP: 2/2
   258 | D:2      | Found a faded altar of an unknown god.
   430 | D:2      | Became a worshipper of Fedhas Madash
   430 | D:2      | Reached * piety under Fedhas
  1374 | D:1      | Reached XP level 3. HP: 24/27 MP: 3/3
  2202 | D:1      | Reached ** piety under Fedhas
  2702 | D:3      | Found a hazy altar of Hepliaklqana.
  2897 | D:3      | HP: 1/28 [something (3)]
  2901 | D:3      | Reached XP level 4. HP: 15/34 MP: 4/4
  3263 | D:3      | Gained mutation: You may rarely emit foul miasma when
                  | damaged in melee. [demonic ancestry]
  3263 | D:3      | Reached XP level 5. HP: 23/40 MP: 5/5
  3284 | D:3      | Noticed Jessica
  3298 | D:3      | Killed Jessica
  4943 | D:4      | Reached XP level 6. HP: 26/47 MP: 6/6
  5381 | D:4      | Reached *** piety under Fedhas
  5776 | D:5      | Entered Level 5 of the Dungeon
  5776 | D:5      | Found a snail-covered altar of Cheibriados.
  5870 | D:5      | Reached skill level 1 in Invocations
  5877 | D:5      | Reached skill level 2 in Invocations
  5957 | D:5      | Found a sparkling altar of Nemelex Xobeh.
  5976 | D:5      | Reached XP level 7. HP: 16/52 MP: 7/9
  6195 | D:5      | You fall into a shaft and drop 1 floor!
  6205 | D:6      | HP: 1/52 [centaur/arrow (12)]
  6206 | D:6      | Gained mutation: You are weak. (Str -2) [potion of
                  | mutation]
  6206 | D:6      | Gained mutation: Your spells are a little harder to cast,
                  | but a little more powerful. [potion of mutation]
  6206 | D:6      | Lost mutation: Your spells are a little harder to cast, but
                  | a little more powerful. [potion of mutation]
  6206 | D:6      | Gained mutation: You have a pair of small horns on your
                  | head. [potion of mutation]
  6211 | D:6      | Reached skill level 3 in Invocations
  6523 | D:6      | Found a transporter.
  6525 | D:6      | Noticed a kobold demonologist
  6564 | D:6      | Reached skill level 4 in Invocations
  6771 | D:6      | Found a transporter.
  7174 | D:6      | Found a staircase to the Ecumenical Temple.
  7188 | D:6      | Noticed Sigmund
  7197 | Temple   | Entered the Ecumenical Temple
  7360 | D:6      | Killed Sigmund
  7361 | D:6      | Reached skill level 5 in Invocations
  7361 | D:6      | Reached XP level 8. HP: 40/60 MP: 11/11
  8156 | D:7      | Found a shadowy altar of Dithmenos.
  8175 | D:7      | Reached skill level 6 in Invocations
  8554 | D:7      | Identified the amulet "Xorpheto" {RegenMP +Blink rN++
                  | Stlth+}
  8587 | D:7      | Identified the +6 dagger of Maat {elec, Contam rCorr Str+3}
  8907 | D:7      | Found a shimmering altar of Xom.
  8908 | D:7      | Found a hide-covered altar of Uskayaw.
  8926 | D:7      | Noticed Harold
  9196 | D:5      | Reached skill level 7 in Invocations
 10055 | D:4      | Reached skill level 5 in Fighting
 10463 | D:5      | Gained mutation: When seriously injured, your bleeding
                  | wounds create thick armour. (AC +9) [demonic ancestry]
 10463 | D:5      | Reached XP level 9. HP: 68/68 MP: 14/14
 10512 | D:5      | Found a radiant altar of Vehumet.
 11120 | D:5      | Identified the +6 scale mail "Madwihau" {rN+ rCorr Str+2
                  | Dex-3}
 11206 | D:5      | Identified 2 scrolls of acquirement
 11206 | D:5      | Acquired a +2 hat of willpower
 11543 | D:5      | Reached skill level 8 in Invocations
 11763 | D:6      | Killed a kobold demonologist
 11764 | D:6      | Reached skill level 5 in Armour
 11764 | D:6      | Reached skill level 5 in Dodging
 11956 | D:6      | Reached **** piety under Fedhas
 12164 | D:8      | Reached skill level 5 in Bows
 12303 | D:8      | Reached skill level 9 in Invocations
 13016 | D:8      | Gained mutation: You sometimes emit foul miasma when
                  | damaged in melee. [demonic ancestry]
 13016 | D:8      | Reached XP level 10. HP: 63/76 MP: 17/17
 13252 | D:8      | Noticed a manticore
 13265 | D:8      | Mangled by a manticore

Illustrated notes

Levels and vault maps discovered:
D:1:      psy_arrival_heroes, layout_loops_ring, chequers_big_river,
          minmay_vboxes
D:2:      layout_basic, shapermc_ecumenical_altar_flowoftime,
          minmay_pentomino_p4
D:3:      layout_basic, good_gods_mini_temple,
          mainiacjoe_overflow_small_starburst, minmay_misc_feat_nine_boxes,
          uniq_jessica
D:4:      wad_river_or_something, layout_layer_cave,
          hangedman_decor_clover_reticule
D:5:      layout_gridville, mainiacjoe_overflow_catch_the_wave,
          nemelex_xobeh_ov_fountains_minmay, st_stairs_10
D:6:      gammafunk_wand_slinger, layout_loops_cross,
          minmay_temple_entry_offerings, uniq_sigmund
D:7:      layout_rooms, mainiacjoe_overflow_divided_tiny,
          nicolae_dithmenos_through_a_glass_darkly, uniq_harold
D:8:      layout_basic, grunt_ministairs_10, uniq_pikel
Temple:   jpeg_temple_island

Skill      XL: |  1  2  3  4  5  6  7  8  9 |
---------------+----------------------------+-----
Armour         | 2 3 4 5 |  5.6
Dodging        | 2 3 4 5 |  5.6
Bows           | 2 3 4 5 |  5.3
Short Blades   | 2 |  2.3
Evocations     | 3 |  3.2
Fighting       | 3 4 5 6 |  6.1
Invocations    | 2 5 7 9 |  9.8

Action                   |  1- 3 |  4- 6 |  7- 9 | 10-12 || total
-------------------------+-------+-------+-------+-------++-------
Melee: Short sword       |    72 |       |       |       ||    72
 Fire: Shortbow          |   106 |   171 |   493 |    23 ||   793
Invok: Wall of Briars    |       |       |     1 |     1 ||     2
 Abil: Evoke Blink       |       |       |     5 |       ||     5
Evoke: Wand              |       |       |    12 |       ||    12
  Use: Potion            |     2 |       |     5 |       ||     7
       Scroll            |       |       |     8 |       ||     8
 Stab: Sleeping          |     2 |       |       |       ||     2
Armor: Robe              |    44 |    15 |    67 |       ||   126
       Scale mail        |       |       |    89 |    13 ||   102
       Skin              |       |       |     6 |       ||     6
Dodge: Dodged            |    71 |    48 |   264 |    20 ||   403

Table legend: (Time is in decaauts)
 A = Elapsed time spent in this place.
 B = Non-inter-level travel time spent in this place.
 C = Inter-level travel time spent in this place.
 D = Time resting spent in this place.
 E = Time spent auto-exploring this place.
 F = Levels seen in this place.
 G = Mean time per level.
                   A        B        C        D        E       F      G
               +--------+--------+--------+--------+--------+-----+--------+
         Total |  13381 |  12851 |    530 |   2183 |   8780 |   9 | 1486.8 |
       Dungeon |  13224 |  12694 |    530 |   2181 |   8634 |   8 | 1653.0 |
        Temple |    157 |    157 |      0 |      2 |    146 |   1 |  157.0 |
               +--------+--------+--------+--------+--------+-----+--------+

Top non-repeatable levels by time:
     D:6: 2621 daAuts
     D:4: 2044 daAuts
     D:5: 1967 daAuts
     D:3: 1643 daAuts
     D:1: 1443 daAuts
     D:2: 1274 daAuts
     D:8: 1136 daAuts
     D:7: 1093 daAuts
  Temple: 157 daAuts
